 Dungeon Crawl Stone Soup version 0.25.1-2-g60ff931df9 (webtiles) character file.

Game seed: 2923654313205749452

54985 Allula97 the Blocker (level 15, -8/120 HPs)
             Began as a Formicid Fighter on Nov 6, 2020.
             Was a High Priest of the Shining One.
             Mangled by a spiny frog (12 damage)
             ... on level 1 of the Swamp.
             The game lasted 01:31:23 (15434 turns).

Allula97 the Blocker (Formicid Fighter)            Turns: 15434, Time: 01:31:24

Health: -8/120     AC: 27    Str: 22    XL:     15   Next: 16%
Magic:  18/18      EV: 12    Int:  9    God:    the Shining One [*****.]
Gold:   704        SH: 19    Dex: 18    Spells: 14/14 levels left

rFire    + . .     SeeInvis +   E - +2 long sword (flame)
rCold    . . .     Gourm    .   s - +0 tower shield
rNeg     + + .     Faith    .   m - +3 chain mail {rF+}
rPois    .         Spirit   .   (helmet unavailable)
rElec    .         Reflect  .   o - +2 cloak
rCorr    .         Harm     .   l - +2 pair of gloves
MR       +....                  L - +2 pair of boots {run}
Stlth    +.........             K - amulet of magic regeneration
HPRegen  0.30/turn              h - +4 ring of slaying
MPRegen  0.41/turn              k - +6 ring of dexterity

@: glowing, studying Translocations, quick
A: permanent stasis, dig shafts and tunnels, four strong arms, antennae 3, beak,
slimy green scales 1, clumsy 1, MP-powered wands
a: Dig, Shaft Self, Divine Shield, Cleansing Flame, Summon Divine Warrior,
Renounce Religion


You were on level 1 of the Swamp.
You worshipped the Shining One.
The Shining One was extremely pleased with you.
You were hungry.

You visited 5 branches of the dungeon, and saw 19 of its levels.

You collected 974 gold pieces.
You spent 270 gold pieces at shops.

Inventory:

Hand Weapons
 y - a +0 halberd of flaming
 D - the +4 quarterstaff "Wyijogh" {antimagic, rPois Str+5 Int-4 SInv}
   (You bought it in a shop on level 5 of the Dungeon)

   It reduces the magical energy of the wielder, and disrupts the spells and
   magical abilities of those hit.
   Natural abilities and divine invocations are not affected.
   It affects your strength (+5).
   It affects your intelligence (-4).
   It protects you from poison.
   It lets you see invisible.
 E - a +2 long sword of flaming (weapon)
 J - a +1 great sword of electrocution
 P - the +1 hunting sling of the Wasp {vorpal, rN+ SInv}
   (You found it on level 6 of the Lair of Beasts)

   Any stone fired from it inflicts extra damage.
   It protects you from negative energy.
   It lets you see invisible.
Missiles
 q - 28 boomerangs (quivered)
 u - 8 atropa-tipped darts
 v - 6 curare-tipped darts
Armour
 e - +0 swamp dragon scales
 l - a +2 pair of gloves (worn)
 m - a +3 chain mail of fire resistance (worn)
 o - a +2 cloak (worn)
 s - a +0 tower shield (worn)
 L - a +2 pair of boots of running (worn)
Jewellery
 c - an uncursed ring of ice
 h - a +4 ring of slaying (left hand)
 k - a +6 ring of dexterity (right hand)
 K - an amulet of magic regeneration (around neck)
 O - an uncursed ring of resist corrosion {unknown}
Wands
 r - a wand of flame (15)
 t - a wand of polymorph (20)
 B - a wand of iceblast (1)
 F - a wand of disintegration (5)
 G - a wand of digging (3)
 N - a wand of acid (5)
Scrolls
 d - a scroll of summoning
 g - a scroll of enchant armour
 i - 2 scrolls of remove curse
 n - 2 scrolls of magic mapping
 w - 6 scrolls of fear
 A - 3 scrolls of identify
 C - a scroll of enchant weapon
 H - 3 scrolls of amnesia
 M - a scroll of fog
 R - a scroll of torment {unknown}
Potions
 a - a potion of stabbing
 b - a potion of invisibility
 p - 3 potions of flight
 x - 2 potions of cancellation
Books
 z - a manual of Translocations
Miscellaneous
 j - a lightning rod (4/4)
 I - 2 phantom mirrors
Comestibles
 f - 34 rations
 Q - a chunk of flesh


   Skills:
 * Level 12.1 Fighting
   Level 1.2(2.9) Short Blades
 - Level 4.1(4.2) Long Blades
 * Level 10.3(11.1) Polearms
 + Level 7.0(9.7) Staves
 * Level 12.0 Armour
 + Level 7.2 Dodging
 + Level 10.3 Stealth
 * Level 13.1 Shields
 - Level 4.5 Invocations
 - Level 1.1 Evocations


You had 14 spell levels left.
You didn't know any spells.
Your spell library contained the following spells:

 Spells                   Type           Power        Failure   Level  Hunger
 Animate Skeleton         Necr           N/A          97%         1    ##.....
 Apportation              Tloc           #.....       97%         1    ##.....
 Corona                   Hex            #......      97%         1    ##.....
 Magic Dart               Conj           #...         97%         1    ##.....
 Pain                     Necr           #...         97%         1    ##.....
 Sting                    Tmut/Pois      #...         97%         1    ##.....
 Summon Small Mammal      Summ           #...         97%         1    ##.....
 Ensorcelled Hibernation  Hex/Ice        #.....       99%         2    ###....
 Poisonous Vapours        Pois/Air       #.....       99%         2    ###....
 Searing Ray              Conj           #.....       99%         2    ###....
 Confusing Touch          Hex            #.......     100%        3    ####...
 Dazzling Flash           Conj/Hex       #.....       100%        3    ####...
 Ignite Poison            Fire/Tmut/Pois #.......     100%        3    ####...
 Mephitic Cloud           Conj/Pois/Air  #.......     100%        3    ####...
 Tukima's Dance           Hex            #.......     100%        3    ####...
 Vampiric Draining        Necr           #.........   100%        3    ####...
 Animate Dead             Necr           N/A          100%        4    #####..
 Fulminant Prism          Conj/Hex       #.........   100%        4    #####..
 Iskenderun's Mystic Bla  Conj/Tloc      #.......     100%        4    #####..
 Olgreb's Toxic Radiance  Pois           #.......     100%        4    #####..
 Agony                    Necr           #.......     100%        5    ######.


Dungeon Overview and Level Annotations

Branches:
Dungeon (10/15)            Temple (1/1) D:6            Lair (6/6) D:10
  Swamp (1/4) Lair:3        Snake (0/4) Lair:3        Slime (1/5) Lair:5
    Orc: D:9-12

Altars:
Ashenzari
Cheibriados
Dithmenos
Elyvilon
Fedhas
Gozag
Hepliaklqana
Kikubaaqudgha
Makhleb
Nemelex Xobeh
Okawaru
Qazlal
Ru
Sif Muna
Trog
Uskayaw
Vehumet
Wu Jian
Xom
Yredelemnul
Zin
The Shining One

Shops:
D:4 (   D:5 (:[!(

Annotations:
Lair:2 3 runed translucent doors, MrPhil's ghost, journeyman MiGl


Innate Abilities, Weirdness & Mutations

You cannot be hasted, slowed, berserked, paralysed or teleported.
You can dig through walls and to a lower floor.
Your four strong arms can wield two-handed weapons with a shield.
You have a pair of large antennae on your head. (SInv)
You have a beak for a mouth.
You are partially covered in slimy green scales. (AC +2)
You are clumsy. (Dex -2)
You expend magic power (3 MP) to strengthen your wands.


Message History

You feel sick.
The spriggan rider completely misses you.
You enter the shallow water.
Moving in this stuff is going to be slow.
You feel sick. You block the spriggan rider's attack.
The spriggan rider hits you but does no damage.
You feel sick.
You are no longer poisoned.
You enter the shallow water.
Moving in this stuff is going to be slow.
You block the spriggan rider's attack. The spiny frog completely misses you.
You riposte.
Your unstable footing causes you to fumble your attack.
You block the spriggan rider's attack.
Okay, then.
Okay, then.
Are you sure you want to shaft yourself?
You are feeling hungry.
The spiny frog stings you!
You die...

♣.≈≈≈..♣♣.≈♣≈...≈.≈≈≈..♣♣♣♣♣♣≈≈≈
♣..{≈≈.♣♣♣♣♣♣..≈♣♣≈..≈≈...≈♣ ♣≈≈
♣≈.≈≈≈...♣ ♣...≈♣≈.♣♣...≈≈♣♣ ♣≈≈
♣.≈......♣ ♣≈......♣♣≈..≈♣♣♣♣♣♣♣
♣...≈≈..≈♣♣♣♣....≈..♣♣.≈≈...§♣♣♣♣
...≈≈≈≈......?≈....♣♣♣≈≈≈≈....♣♣.
..≈≈≈≈≈≈≈.≈≈≈....♣♣♣♣.≈≈≈≈.....≈.
≈.≈≈≈≈≈≈≈≈≈≈≈..≈≈♣ ♣♣≈...♣....♣♣♣
≈.≈≈≈≈≈≈≈≈D≈≈D≈≈@♣♣♣≈......≈≈≈.♣♣
≈.≈≈≈≈≈≈≈.≈≈≈♣♣F♣♣.≈≈.≈≈.≈≈≈≈≈.≈♣
≈..≈≈...≈.....i♣♣♣≈≈≈≈≈≈≈≈≈≈≈≈..≈
...≈...§♣♣♣♣.≈.♣ ♣≈...≈≈≈.≈≈≈....
≈....♣♣≈♣ ♣♣..♣ ♣♣♣♣≈.≈......≈≈≈
≈.^♣♣♣♣♣♣ ♣♣♣♣♣ ♣...♣♣♣♣♣.≈≈≈≈≈
.♣≈.♣♣♣♣♣♣♣♣.♣♣ ♣♣.≈♣♣♣≈♣≈.≈≈≈≈≈
♣♣♣..♣..≈.....♣♣♣♣...♣.......≈≈≈≈
♣♣♣≈≈≈≈≈≈≈♣♣....≈......>....≈≈


You could see a five-headed hydra, a three-headed hydra, a spriggan rider and a
spiny frog.

Vanquished Creatures
  The ghost of Curus the Fencer, a journeyman MiGl of Trog (Lair:6)
  4 hydras
  An anaconda (Lair:6)
  A ghost crab (Lair:3)
  A merfolk avatar (Lair:6)
  A shambling mangrove (Swamp:1)
  3 alligators (Swamp:1)
  A centaur warrior (D:10)
  A death yak (Lair:5)
  2 sea snakes (Lair:6)
  2 swamp dragons (Swamp:1)
  A harpy (Lair:6)
  A lindwurm (Lair:5)
  A manticore (Lair:6)
  An oklob plant (Lair:5)
  15 elephants
  4 black mambas
  3 torpor snails
  11 spiny frogs
  8 komodo dragons
  5 rime drakes
  A tyrant leech (Swamp:1)
  A wind drake (Lair:6)
  2 polar bears (Lair:6)
  4 hornets
  11 hippogriffs
  12 blink frogs
  6 dream sheep (Lair:4)
  6 slime creatures (Swamp:1)
  2 bog bodies
  5 wyverns
  A hungry ghost (D:9)
  43 yaks
  3 basilisks
  Eustachio (D:5)
  4 vampire mosquitoes (Swamp:1)
  3 insubstantial wisps (Swamp:1)
  8 nagas (Lair:3)
  2 swamp worms (Swamp:1)
  15 water moccasins
  5 porcupines
  An orc warrior (D:7)
  4 swamp drakes (Swamp:1)
  4 phantoms
  A sky beast (D:6)
  A black bear (D:10)
  4 ogres
  A necrophage (D:9)
  15 wolves
  5 centaurs
  17 crocodiles
  A big kobold (D:8)
  10 bullfrogs
  2 wyvern skeletons
  5 scorpions
  12 killer bees
  A howler monkey (D:4)
  2 electric eels (Lair:5)
  3 crimson imps (D:5)
  4 centaur zombies
  A bullfrog zombie (D:9)
  A quasit (D:9)
  9 hounds
  A jelly (D:8)
  7 orc priests
  4 orc wizards
  2 centaur skeletons
  7 worker ants
  A killer bee zombie (D:8)
  3 hound zombies
  14 gnolls
  26 adders
  2 adder skeletons (D:7)
  3 worms (D:2)
  8 dart slugs
  6 leopard geckos
  28 orcs
  7 giant cockroaches
  12 goblins
  8 hobgoblins
  7 jackals
  6 quokkas
  7 bats
  4 frilled lizards
  A jackal zombie (D:2)
  15 kobolds
  A quokka skeleton (D:5)
  3 rats
490 creatures vanquished.

Vanquished Creatures (others)
  6 fungi
  13 plants
19 creatures vanquished.

Grand Total: 509 creatures vanquished

Notes
Turn   | Place    | Note
-------+----------+-------------------------------------------
     0 | D:1      | Allula97 the Formicid Fighter began the quest for the Orb.
     0 | D:1      | Reached XP level 1. HP: 18/18 MP: 1/1
   170 | D:1      | Reached XP level 2. HP: 24/24 MP: 2/2
   611 | D:1      | Reached skill level 1 in Stealth
   835 | D:2      | Reached XP level 3. HP: 25/29 MP: 3/3
   912 | D:2      | Reached XP level 4. HP: 25/37 MP: 4/4
   991 | D:2      | Found a hide-covered altar of Uskayaw.
  1010 | D:2      | Reached skill level 4 in Shields
  1114 | D:2      | Reached skill level 1 in Dodging
  1495 | D:3      | Found a sacrificial altar of Ru.
  1523 | D:3      | Reached XP level 5. HP: 38/42 MP: 5/5
  1714 | D:3      | Reached skill level 1 in Short Blades
  1925 | D:3      | Reached XP level 6. HP: 47/48 MP: 6/6
  2240 | D:4      | Found a glowing golden altar of the Shining One.
  2318 | D:4      | Found Hiogod's Weapon Emporium.
  2501 | D:4      | Became a worshipper of the Shining One
  2802 | D:5      | Entered Level 5 of the Dungeon
  2806 | D:5      | Found Epugeneh's Distillery.
  2820 | D:5      | Noticed a phantom
  2865 | D:5      | Killed a phantom
  2865 | D:5      | Reached skill level 5 in Shields
  2865 | D:5      | Reached XP level 7. HP: 45/55 MP: 7/7
  2942 | D:5      | Found Pisixek's Armour Emporium.
  2982 | D:5      | Reached skill level 5 in Fighting
  2990 | D:5      | Reached XP level 8. HP: 40/62 MP: 8/8
  3009 | D:5      | Reached skill level 5 in Armour
  3132 | D:5      | Reached skill level 6 in Shields
  3179 | D:5      | Reached skill level 1 in Polearms
  3188 | D:5      | Reached * piety under the Shining One
  3387 | D:5      | Found Yczioj's Antique Weapon Shop.
  3389 | D:5      | Found a basalt altar of Yredelemnul.
  3389 | D:5      | Found a sparkling altar of Nemelex Xobeh.
  3390 | D:5      | Found a hazy altar of Hepliaklqana.
  3398 | D:5      | Noticed Eustachio
  3401 | D:5      | Found Faamurei's Book Shop.
  3419 | D:5      | Killed Eustachio
  3472 | D:5      | Found a shimmering blue altar of Sif Muna.
  3641 | D:5      | Found Kotiul's Antique Weapon Shoppe.
  3772 | D:6      | Found a staircase to the Ecumenical Temple.
  3796 | Temple   | Entered the Ecumenical Temple
  4107 | D:6      | Reached XP level 9. HP: 69/69 MP: 9/9
  4717 | D:5      | Bought a transparent quarterstaff for 270 gold pieces
  4717 | D:5      | Identified the +4 quarterstaff "Wyijogh" {antimagic, rPois
                  | Str+5 Int-4 SInv} (You bought it in a shop on level 5 of
                  | the Dungeon)
  4982 | D:7      | Reached skill level 7 in Shields
  5035 | D:7      | Reached skill level 5 in Stealth
  5086 | D:7      | Reached skill level 1 in Staves
  5186 | D:7      | Reached ** piety under the Shining One
  5202 | D:7      | Noticed a hippogriff
  5229 | D:7      | Killed a hippogriff
  5475 | D:8      | Reached XP level 10. HP: 62/77 MP: 3/10
  5752 | D:8      | Reached skill level 8 in Shields
  5847 | D:8      | You fall into a shaft and drop 1 floor!
  6087 | D:9      | Reached *** piety under the Shining One
  6196 | D:9      | Reached skill level 5 in Polearms
  6423 | D:10     | Entered Level 10 of the Dungeon
  6546 | D:10     | Reached XP level 11. HP: 80/86 MP: 3/11
  6561 | D:10     | Reached skill level 9 in Shields
  6636 | D:10     | Noticed a centaur warrior
  6652 | D:10     | Killed a centaur warrior
  6898 | D:10     | Found a staircase to the Lair.
  6989 | D:10     | Reached **** piety under the Shining One
  7179 | Lair:1   | Entered Level 1 of the Lair of Beasts
  7501 | Lair:1   | Reached skill level 5 in Dodging
  7590 | Lair:1   | Got a pitted scale mail
  7602 | Lair:1   | Identified the cursed +0 scale mail "Babaorah" {*Slow
                  | Int+6} (You found it on level 1 of the Lair of Beasts)
  7695 | Lair:1   | Reached skill level 10 in Shields
  7707 | Lair:1   | Reached XP level 12. HP: 62/95 MP: 4/12
  7902 | Lair:1   | Noticed a six-headed hydra
  8346 | Lair:2   | Found a runed translucent gate.
  8347 | Lair:2   | Found a runed translucent gate.
  8348 | Lair:2   | Found a runed translucent gate.
  8748 | Lair:2   | Noticed MrPhil's ghost (journeyman MiGl)
  9283 | Lair:3   | Found a staircase to the Snake Pit.
  9410 | Lair:3   | Reached skill level 5 in Staves
  9465 | Lair:3   | Reached skill level 10 in Fighting
  9800 | Lair:3   | Noticed a five-headed hydra
  9800 | Lair:3   | Noticed a five-headed hydra
  9820 | Lair:3   | Killed a one-headed hydra
  9820 | Lair:3   | Reached skill level 11 in Shields
  9821 | Lair:3   | Killed a one-headed hydra
  9821 | Lair:3   | Reached skill level 10 in Armour
  9833 | Lair:3   | Found a staircase to the Swamp.
 10192 | Lair:4   | Reached XP level 13. HP: 98/103 MP: 4/13
 10331 | Lair:4   | Identified a +1 pair of boots of running (You found it on
                  | level 4 of the Lair of Beasts)
 10489 | Lair:4   | Gained mutation: You are clumsy. (Dex -2) [potion of
                  | mutation]
 10489 | Lair:4   | Gained mutation: You are partially covered in slimy green
                  | scales. (AC +2) [potion of mutation]
 10489 | Lair:4   | Gained mutation: You have a beak for a mouth. [potion of
                  | mutation]
 10489 | Lair:4   | Gained mutation: You expend magic power (3 MP) to
                  | strengthen your wands. [potion of mutation]
 10571 | Lair:4   | Reached skill level 1 in Invocations
 11348 | Lair:5   | Reached ***** piety under the Shining One
 11543 | Lair:5   | Found a staircase to the Slime Pits.
 11574 | Slime:1  | Entered Level 1 of the Pits of Slime
 11704 | Lair:6   | Entered Level 6 of the Lair of Beasts
 12069 | Lair:6   | Reached skill level 12 in Shields
 12130 | Lair:6   | Reached XP level 14. HP: 113/113 MP: 5/16
 13022 | Lair:6   | Reached skill level 1 in Evocations
 13041 | Lair:6   | Noticed Curus's ghost (journeyman MiGl)
 13086 | Lair:6   | Found a transporter.
 13093 | Lair:6   | Found a transporter.
 13287 | Lair:6   | Got a transparent hunting sling
 13308 | Lair:6   | Identified the cursed +1 hunting sling of the Wasp {vorpal,
                  | rN+ SInv} (You found it on level 6 of the Lair of Beasts)
 13693 | Lair:6   | Reached skill level 10 in Stealth
 14017 | Lair:6   | Killed Curus's ghost
 14313 | Swamp:1  | Entered Level 1 of the Swamp
 14323 | Swamp:1  | Reached skill level 10 in Polearms
 14815 | Swamp:1  | Reached XP level 15. HP: 64/120 MP: 6/18
 14823 | Swamp:1  | Reached skill level 13 in Shields
 15397 | Swamp:1  | HP: 6/120 [poisoned by a swamp dragon (poison gas)]
 15402 | Swamp:1  | HP: 5/120 [poisoned by a swamp dragon (poison gas)]
 15407 | Swamp:1  | HP: 3/120 [poisoned by a swamp dragon (poison gas)]
 15413 | Swamp:1  | HP: 2/120 [poisoned by a swamp dragon (poison gas)]
 15421 | Swamp:1  | HP: 2/120 [poisoned by a swamp dragon (poison gas)]
 15429 | Swamp:1  | HP: 2/120 [poisoned by a swamp dragon (poison gas)]
 15434 | Swamp:1  | Mangled by a spiny frog

Illustrated notes

Levels and vault maps discovered:
D:1:      eino_arrival_cavern_b, layout_basic, skrybe_limestone_x
D:2:      layout_rooms, eat_drink_and_be_merry_uskayaw, amethyst_killhole,
          grunt_decor_clamped, st_stairs_11
D:3:      layout_loops_ring, first_ration, nicolae_ru_awakened_eye
D:4:      layout_loops_ring, nicolae_overflow_crystal_walls, serial_shops, shop,
          kennysheep_generic_room_16
D:5:      kennysheep_slugbush, layout_basic, lemuel_doored_altar,
          gammafunk_temple_overflow_claw, serial_shops, nicolae_shop_waterfront,
          kennysheep_mini_moat, nicolae_shop_stone, nicolae_shop_stone, shop,
          chequers_arboretum, minmay_manual_monstrance, uniq_eustachio
D:6:      layout_basic, minmay_temple_entry_offerings,
          kennysheep_generic_room_14
D:7:      layout_rooms
D:8:      layout_rooms, st_stairs_10, minmay_misc_feat_nine_boxes
D:9:      layout_rooms
D:10:     layout_roguey, lair_entry_dummy
Temple:   regret_index_temple_sphere_string
Lair:1:   layout_long_grid, infiniplex_staircase_pool, grunt_megastairs_5
Lair:2:   minmay_lair_venomous_thicket, layout_regular_city,
          gammafunk_ghost_icy, serial_bayou_shore_a
Lair:3:   layout_cave_pods, skrybe_swamp_entry_bodies,
          minmay_snake_entry_guardpost_large, lemuel_fruit_fields
Lair:4:   layout_regular_city, grunt_megastairs_3, lemuel_fruit_tree
Lair:5:   layout_big_grid, minmay_slime_entry_oklob_open, serial_bayou_ford_a,
          infiniplex_staircase_pool_2
Lair:6:   gammafunk_lair_ancient_temple, layout_cave_pods, gammafunk_ghost_arena
Swamp:1:  layout_basic_swamp, evilmike_swamp_ruin_house_4, uniq_frances,
          uniq_louise
Slime:1:  layout_caves

Skill      XL: |  1  2  3  4  5  6  7  8  9 10 11 12 13 14 15 |
---------------+----------------------------------------------+-----
Stealth        | 1 2 3 4 5 6 7 8 9 10 | 10.3
Shields        | 4 5 6 7 8 10 11 12 13 | 13.1
Dodging        | 1 2 3 4 5 6 7 |  7.2
Fighting       | 4 5 6 8 9 10 11 12 | 12.1
Short Blades   | 1 |  1.2
Long Blades    | 3 4 |  4.1
Armour         | 4 5 6 7 9 10 11 12 | 12.0
Polearms       | 2 3 5 6 7 9 10 | 10.3
Staves         | 2 3 4 5 6 7 |  7.0
Invocations    | 3 4 |  4.5
Evocations     | 1 |  1.1

Action                   |  1- 3 |  4- 6 |  7- 9 | 10-12 | 13-15 || total
-------------------------+-------+-------+-------+-------+-------++-------
Melee: Long sword        |    24 |       |       |    13 |    17 ||    54
       Dagger            |    50 |   184 |   197 |       |       ||   431
       Quarterstaff      |       |       |   153 |   626 |   686 ||  1465
       Peck              |       |       |       |       |   197 ||   197
Throw: Dart              |       |       |     4 |     2 |       ||     6
       Boomerang         |       |       |       |     2 |     8 ||    10
Invok: Divine Shield     |       |       |       |       |     2 ||     2
 Abil: Dig               |     1 |     1 |     1 |       |     1 ||     4
       Shaft Self        |       |       |       |       |     1 ||     1
Evoke: Wand              |       |       |       |     3 |    13 ||    16
  Use: Scroll            |       |     8 |     1 |     8 |     9 ||    26
       Potion            |       |       |     1 |     6 |    12 ||    19
  Eat: Chunk             |       |     7 |    10 |    17 |    15 ||    49
       Ration            |       |       |       |       |     1 ||     1
Armor: Scale mail        |    21 |    58 |    61 |       |       ||   140
       Chain mail        |       |       |    52 |   314 |   344 ||   710
Dodge: Dodged            |    13 |    49 |   104 |   249 |   244 ||   659
Block: Kite shield       |    36 |    62 |   204 |   497 |    11 ||   810
       Tower shield      |       |       |       |       |   759 ||   759
       Rpst.: Long sword |     1 |       |       |     1 |     4 ||     6
